 Dungeon Crawl Stone Soup version 0.20-a0-1039-gf554463 (webtiles) character file.

648 alfred1011 the Covert (level 7, 0/36 HPs)
             Began as a Spriggan Assassin on Apr 22, 2017.
             Was a Believer of Dithmenos.
             Succumbed to Edmund's poison
             ... on level 4 of the Dungeon.
             The game lasted 00:17:44 (3495 turns).

alfred1011 the Covert (Spriggan Assassin)           Turns: 3495, Time: 00:17:44

Health: 0/36       AC:  3    Str:  7    XL:     7   Next: 27%
Magic:  8/8        EV: 21    Int: 12    God:    Dithmenos [**....]
Gold:   240        SH:  0    Dex: 20    Spells: 6/6 levels left

rFire    . . .     SeeInvis +   q - +2 dagger (elec)
rCold    . . .     Gourm    .   (shield restricted)
rNeg     . . .     Faith    .   c - +0 robe
rPois    .         Spirit   .   (helmet restricted)
rElec    .         Reflect  .   d - +0 cloak
rCorr    .         Harm     .   (gloves unavailable)
MR       +....                  (boots unavailable)
Stlth    +++++.....             x - amulet of regeneration
Regen    0.6/turn               (no ring)
MPRegen  0.2/turn               (no ring)

@: lethally poisoned (0 -> -15), wreathed by umbra, very quick
A: unfitting armour, see invisible, herbivore 3, speed 3, slow metabolism 2
a: Shadow Step, Renounce Religion


You were on level 4 of the Dungeon.
You worshipped Dithmenos.
Dithmenos was pleased with you.
You were not hungry.

You visited 1 branch of the dungeon, and saw 4 of its levels.

You collected 240 gold pieces.

Inventory:

Hand Weapons
 a - a +2 dagger
 b - a +0 blowgun
 h - a +0 dagger of draining
 q - a +2 dagger of electrocution (weapon)
Missiles
 e - 7 poisoned needles
 f - 2 curare-tipped needles
 A - 3 needles of confusion
Armour
 c - a +0 robe (worn)
 d - a +0 cloak (worn)
Jewellery
 x - an amulet of regeneration (around neck)
Wands
 y - a wand of digging (18/24)
Scrolls
 j - a scroll of amnesia
 k - a scroll of identify
 m - 2 scrolls of remove curse
 n - 3 scrolls of teleportation
 r - a scroll of blinking {unknown}
 s - 2 scrolls of enchant weapon {unknown}
 w - a scroll of immolation {unknown}
 z - a scroll of recharging {unknown}
Potions
 i - a potion of agility
 p - a potion of brilliance
 t - a potion of curing {unknown}
 u - 2 potions of magic {unknown}
 v - a potion of degeneration {unknown}
Comestibles
 g - 4 bread rations
 l - 3 royal jellies


   Skills:
 + Level 3.2 Fighting
 + Level 4.3 Short Blades
 + Level 3.7 Throwing
 + Level 4.8 Dodging
 * Level 8.7 Stealth


You had 6 spell levels left.
You didn't know any spells.

Dungeon Overview and Level Annotations

Branches:
Dungeon (4/15)
 Temple: D:4-7

Altars:
Dithmenos
Hepliaklqana
Kikubaaqudgha


Innate Abilities, Weirdness & Mutations

You are very small and have problems with some larger weapons.
You are too small for most types of armour.
You have supernaturally acute eyesight. (SInv)
You are a herbivore.
You cover ground extremely quickly.
You need consume almost no food.


Message History

Edmund is almost dead.
You feel sick.
You hit Edmund.
Edmund is almost dead.
You feel very sick. Edmund closely misses you. The kobold barely misses you.
You hit Edmund but do no damage.
Edmund is almost dead.
You feel sick. The kobold misses you. Edmund closely misses you.
You hit Edmund.
Edmund is almost dead.
You feel sick. The kobold hits you.
Edmund hits you with a dire flail of venom!
* * * LOW HITPOINT WARNING * * *
You hit Edmund.
You kill Edmund!
Dithmenos accepts your kill.
* * * LOW HITPOINT WARNING * * *
You feel sick.
You die...

####### ######### ##.....#
#....#... ##......+
#....#...
#.....K(#########....####
#.....).@...(..#......#.†
.'......[...)...'......'..
.#..............#......#..
#.......#########.)))####
##......+ #...)#...
##.....# #..[.#...
################''#####
≈≈≈≈≈≈≈≈≈≈≈≈....≈≈≈≈
≈≈≈≈≈≈≈≈≈≈≈≈....≈≈≈≈


You could see a kobold.

Vanquished Creatures
  Edmund (D:4)
  An ogre (D:4)
  3 big kobolds (D:4)
  A hound skeleton (D:4)
  The ghost of alfred1011 the Sneak, a weakling SpAs (D:3)
  8 gnolls
  4 adders
  An ooze (D:2)
  2 worms
  3 dart slugs (D:1)
  A leopard gecko (D:2)
  A ball python (D:1)
  9 bats
  4 giant cockroaches
  7 goblins
  8 hobgoblins
  7 jackals (D:1)
  31 kobolds
  6 frilled lizards
  A quokka skeleton (D:4)
  4 rats (D:1)
104 creatures vanquished.

Notes
Turn   | Place    | Note
-------+----------+-------------------------------------------
     0 | D:1      | alfred1011 the Spriggan Assassin began the quest for the Orb.
     0 | D:1      | Reached XP level 1. HP: 10/10 MP: 2/2
    52 | D:1      | Reached skill level 6 in Stealth
   397 | D:1      | Reached XP level 2. HP: 15/15 MP: 3/3
   917 | D:1      | Reached XP level 3. HP: 17/18 MP: 4/4
  1904 | D:2      | Found a shadowy altar of Dithmenos.
  1915 | D:2      | Became a worshipper of Dithmenos the Shadowed
  1954 | D:2      | Found a hazy altar of Hepliaklqana.
  2089 | D:2      | Reached XP level 4. HP: 19/23 MP: 5/5
  2149 | D:2      | Found an ancient bone altar of Kikubaaqudgha.
  2149 | D:2      | Found a shadowy altar of Dithmenos.
  2564 | D:3      | Noticed alfred1011's ghost (weakling SpAs)
  2611 | D:3      | Killed alfred1011's ghost
  2611 | D:3      | Reached * piety under Dithmenos
  2621 | D:3      | Reached XP level 5. HP: 23/27 MP: 6/6
  3059 | D:4      | Noticed an ogre
  3061 | D:4      | Killed an ogre
  3061 | D:4      | Reached skill level 7 in Stealth
  3191 | D:4      | Reached XP level 6. HP: 16/32 MP: 7/7
  3351 | D:4      | Reached ** piety under Dithmenos
  3358 | D:4      | Reached skill level 8 in Stealth
  3370 | D:4      | Reached XP level 7. HP: 12/36 MP: 8/8
  3463 | D:4      | Noticed Edmund
  3494 | D:4      | Killed Edmund
  3495 | D:4      | Succumbed to Edmund's poison

Vault maps used:
D:1:      co_arrival_square_in_a_square_in_a_square, minmay_misc_feat_ornament
D:2:      overflow_temple_1_default, gammafunk_temple_overflow_statue,
          grunt_dithmenos_smoke_and_mirrors
D:4:      minmay_goblin_kobold_castle, grunt_qazlal_clouds,
          kennysheep_little_box, first_bread, nicolae_ossuary_entry_giza,
          minmay_joined_circles, uniq_edmund

Skill      XL: |  1  2  3  4  5  6 |
---------------+-------------------+-----
Stealth        | 6 7 8 |  8.7
Dodging        | 2 3 4 |  4.8
Short Blades   | 3 4 |  4.3
Fighting       | 2 3 |  3.2
Throwing       | 3 |  3.7

Action                   |  1- 3 |  4- 6 |  7- 9 || total
-------------------------+-------+-------+-------++-------
Melee: Dagger            |    96 |   183 |    15 ||   294
 Fire: Blowgun           |    14 |       |       ||    14
  Use: Scroll            |     1 |     3 |       ||     4
       Potion            |       |     3 |     1 ||     4
 Stab: Sleeping          |    14 |     6 |     1 ||    21
       Distracted        |       |     1 |       ||     1
Armor: Robe              |    18 |    14 |       ||    32
Dodge: Dodged            |    87 |   240 |    12 ||   339
